 Dungeon Crawl Stone Soup version 0.30.1-11-g7821555f0a (webtiles) character file.

Game seed: 392529371703486545

249 SacredBeard the Chopper (level 6, 0/53 HPs)
             Began as a Hill Orc Fighter on Nov 7, 2023.
             Splashed by a jelly's acid (11 damage)
             ... on level 3 of the Dungeon.
             The game lasted 00:04:37 (2339 turns).

SacredBeard the Chopper (Hill Orc Fighter)          Turns: 2339, Time: 00:04:39

Health: 0/53       AC: -6    Str: 21    XL:     6   Next: 12%
Magic:  6/6        EV:  9    Int:  8    God:
Gold:   134        SH:  4    Dex: 10    Spells: 5/5 levels left

rFire   . . .        a - +0 war axe
rCold   . . .        c - +0 buckler
rNeg    . . .        b - +0 scale mail
rPois   .            t - +0 helmet
rElec   .            (no cloak)
rCorr   .            f - +0 pair of gloves
SInv    .            (no boots)
Will    .....        (no amulet) Stlth
                     (no ring)
HPRegen 0.28/turn    (no ring)
MPRegen 0.10/turn

%: no passive effects
@: corroded
A: no striking features
a: no special abilities


You were on level 3 of the Dungeon.
You visited 1 branch of the dungeon, and saw 3 of its levels.

You collected 134 gold pieces.

Inventory:

Hand Weapons
 a - a +0 war axe (weapon)
 o - a +1 short sword of electrocution
Missiles
 l - 10 stones (quivered)
 m - 6 javelins
 q - 3 boomerangs
 v - 2 poisoned darts
Armour
 b - a +0 scale mail (worn)
 c - a +0 buckler (worn)
 f - a +0 pair of gloves (worn)
 t - a +0 helmet (worn)
Jewellery
 g - a ring of fire
 w - an amulet of magic regeneration
Scrolls
 j - 2 scrolls of enchant weapon {unknown}
 k - 2 scrolls of vulnerability {unknown}
 n - a scroll of identify {unknown}
 p - a scroll of brand weapon {unknown}
 s - a scroll of fog {unknown}
 u - a scroll of torment {unknown}
Potions
 d - a potion of might
 e - a potion of curing {unknown}
 h - 2 potions of degeneration {unknown}
 i - a potion of flight {unknown}
 r - a potion of lignification {unknown}


   Skills:
 + Level 4.6 Fighting
 * Level 5.5 Axes
 + Level 1.5 Throwing
 - Level 4.0 Armour
 - Level 1.0 Dodging
 - Level 4.0 Shields


You had 5 spell levels left.
You didn't know any spells.
Your spell library was empty.

Dungeon Overview and Level Annotations

Branches:
Dungeon (3/15) Zot: 15592

Altars:
Xom

Shops:
D:1 *


Message History

The goblin shouts!
A goblin is nearby!
The goblin closely misses you.
You barely miss the goblin. The goblin misses you.
You closely miss the goblin. The goblin hits you with a +0 dagger.
You closely miss the goblin. You block the goblin's attack.
The goblin barely misses you.
You barely miss the goblin. The goblin barely misses you.
You closely miss the goblin. The goblin hits you but does no damage.
You barely miss the goblin. The goblin hits you but does no damage.
You block the goblin's attack.
You hit the goblin.
You kill the goblin!
No target in view!
No target in view!
You see here a +0 dagger.
A jelly comes into view.
A jelly is nearby!
The jelly barely misses you.
You hit the jelly but do no damage. The acid corrodes you!
Your hands burn!
The jelly hits you. The acid corrodes you!
You are splashed with acid!
You are too injured to fight recklessly!
You are too injured to fight recklessly!
You are too injured to fight recklessly!
You are too injured to fight recklessly!
You are too injured to fight recklessly!
You are too injured to fight recklessly!
You are too injured to fight recklessly!
You slash the jelly!
Your hands burn!
The jelly is heavily wounded.
The jelly hits you. The acid corrodes you!
You are splashed with acid!
The jelly hits you.
You are splashed with acid!
* * * LOW HITPOINT WARNING * * *
You hit the jelly. The acid corrodes you!
Your hands burn!
* * * LOW HITPOINT WARNING * * *
The jelly is severely wounded.
The jelly hits you.
* * * LOW HITPOINT WARNING * * *
You are splashed with acid!
You die...

### ..# #####
#.######...#######
.........#.......#
########...#####@#
##### #J# #####
#.# ....# #.#
###.## ..# .....#
### ..#....
..#.... ......


You could see a jelly.

Vanquished Creatures
  4 crimson imps (D:3)
  Robin (D:3)
  2 adders
  5 worms
  4 dart slugs
  An orc (D:3)
  4 ball pythons
  3 bats
  3 endoplasms
  A giant cockroach (D:2)
  13 goblins
  9 hobgoblins
  4 jackals (D:2)
  5 kobolds
  2 frilled lizards
  2 rats (D:1)
63 creatures vanquished.

Notes
Turn   | Place    | Note
-------+----------+-------------------------------------------
     0 | D:1      | SacredBeard the Hill Orc Fighter began the quest for the
                  | Orb.
     0 | D:1      | Reached XP level 1. HP: 19/19 MP: 1/1
    85 | D:1      | Found Rewkaf's Assorted Antiques.
   557 | D:1      | Reached skill level 3 in Axes
   557 | D:1      | Reached XP level 2. HP: 27/27 MP: 2/2
  1097 | D:2      | Found a faded altar of an unknown god.
  1194 | D:2      | Reached XP level 3. HP: 33/33 MP: 3/3
  1535 | D:2      | Reached XP level 4. HP: 40/40 MP: 4/4
  1543 | D:2      | Reached skill level 4 in Axes
  1951 | D:3      | Found a shimmering altar of Xom.
  1966 | D:3      | Noticed Robin
  1977 | D:3      | Reached skill level 1 in Dodging
  1987 | D:3      | Killed Robin
  1988 | D:3      | Reached XP level 5. HP: 33/46 MP: 5/5
  2016 | D:3      | Reached skill level 5 in Axes
  2016 | D:3      | Reached skill level 1 in Throwing
  2093 | D:3      | Reached XP level 6. HP: 46/53 MP: 6/6
  2339 | D:3      | Splashed by a jelly's acid

Illustrated notes

Levels and vault maps discovered:
D:1:      spicycebolla_arrival_clurvy, layout_basic, serial_shops, shop
D:2:      layout_loops_ring, shapermc_ecumenical_altar_totnotflames,
          grunt_ministairs_2
D:3:      layout_loops_cross, led_xom_imps, uniq_robin

Skill      XL: |  1  2  3  4  5 |
---------------+----------------+-----
Axes           | 3 4 5 |  5.5
Fighting       | 4 |  4.6
Dodging        | 1 |  1.0
Armour         | 4 |  4.0
Throwing       | 1 |  1.5
Shields        | 4 |  4.0

Action                     |  1- 3 |  4- 6 || total
---------------------------+-------+-------++-------
  Melee: War axe           |   109 |    98 ||   207
 Armour: Scale mail        |    55 |    38 ||    93
  Dodge: Dodged            |    51 |    56 ||   107
  Block: Buckler           |    24 |    24 ||    48
